 Dungeon Crawl Stone Soup version 0.27-a0-1612-gde56a17b89 (webtiles) character file.

Game seed: 7459345251781467653

93506 robertstho the Brawler (level 15, -3/127 (149) HPs)
             Began as a Troll Fighter on July 20, 2021.
             Was the Champion of Fedhas.
             Killed from afar by an eidolon (43 damage)
             ... with a bolt of negative energy
             ... on level 14 of the Dungeon on July 21, 2021.
             The game lasted 00:55:44 (23822 turns).

robertstho the Brawler (Troll Fighter)             Turns: 23822, Time: 00:55:44

HP:   -3/127 (149)  AC: 15    Str: 38      XL:     15   Next: 60%
MP:   30/30         EV: 11    Int:  4 (5)  God:    Fedhas [******]
Gold: 469           SH: 18    Dex: 13      Spells: 14/14 levels left

rFire    x . .     SeeInvis .     - Unarmed
rCold    + + .     Faith    .   b - +0 kite shield
rNeg     . . .     Spirit   .   S - +2 ice dragon scales "Ofezis" {rF- rC++ Str+7 Dex+3}
rPois    .         Reflect  +   (helmet restricted)
rElec    .         Harm     .   u - +0 cloak
rCorr    .         Rampage  .   (gloves unavailable)
Will     +....                  (boots unavailable)
Stlth    ++........             f - amulet of reflection
HPRegen  1.31/turn              C - ring of Shadows {Umbra +Inv Stlth+}
MPRegen  0.22/turn              F - ring of magical power

@: about to teleport, afraid, wreathed by umbra, heavily drained
A: large, unfitting armour, claws 3, regeneration 1, shaggy fur 1, tough skin 1
a: Renounce Religion, Evoke Invisibility, Wall of Briars, Grow Ballistomycete,
Overgrow, Grow Oklob


You were on level 14 of the Dungeon.
You worshipped Fedhas.
Fedhas was exalted by your worship.
You visited 4 branches of the dungeon, and saw 23 of its levels.
You also visited: Volcano.

You collected 1639 gold pieces.
You spent 1170 gold pieces at shops.

Inventory:

Hand Weapons
 H - the +11 hand crossbow of a bailey {flame, MP+9 Str+3 Int+4 Stlth-}
   (You found it on level 1 of the Lair of Beasts)

   Any ammunition fired from it burns those it strikes, dealing additional fire
   damage.
   Str:       It affects your strength (+3).
   Int:       It affects your intelligence (+4).
   MP:        It affects your magic capacity (+9).
   Stlth:     It makes you less stealthy.
Missiles
 i - 4 curare-tipped darts
 O - 3 large rocks (quivered)
 R - a throwing net
Armour
 b - a +0 kite shield (worn)
 u - a +0 cloak (worn)
 L - a +2 troll leather armour {Snorg}
 S - the +2 ice dragon scales "Ofezis" (worn) {rF- rC++ Str+7 Dex+3}
   (You bought it in a shop on level 7 of the Dungeon)

   Str:       It affects your strength (+7).
   Dex:       It affects your dexterity (+3).
   rF:        It makes you vulnerable to fire.
   rC:        It greatly protects you from cold.
Jewellery
 f - an amulet of reflection (around neck)
 C - the ring of Shadows (left claw) {Umbra +Inv Stlth+}
   (You found it on level 1 of the Lair of Beasts)

   [ring of stealth]

   It surrounds you with an aura of shadow, increasing your stealth and reducing
   the accuracy of all within it (including the wearer).
   +Inv:      It lets you turn invisible.
   Stlth:     It makes you more stealthy.
 F - a ring of magical power (right claw)
 J - a ring of resist corrosion
 N - a ring of willpower
 T - the ring "Qaahovydd" {Will- rCorr Int+9 Dex+4}
   (You found it on level 14 of the Dungeon)

   [ring of resist corrosion]

   Int:       It affects your intelligence (+9).
   Dex:       It affects your dexterity (+4).
   rCorr:     It protects you from acid and corrosion.
   Will:      It decreases your willpower.
Wands
 e - a wand of acid (11)
 w - a wand of iceblast (39)
 y - a wand of flame (36)
 B - a wand of polymorph (13)
 D - a wand of paralysis (17)
 G - a wand of digging (4)
Scrolls
 d - 3 scrolls of magic mapping
 g - 2 scrolls of immolation
 j - 3 scrolls of fear
 k - 3 scrolls of enchant armour
 n - 5 scrolls of teleportation
 o - 2 scrolls of acquirement {unknown}
 r - 2 scrolls of brand weapon
 t - 4 scrolls of fog
 v - 6 scrolls of amnesia
 z - 3 scrolls of enchant weapon
 A - 2 scrolls of summoning
 K - 8 scrolls of identify
Potions
 a - 4 potions of might
 c - 5 potions of flight
 h - 6 potions of ambrosia
 l - 3 potions of mutation
 p - 6 potions of magic
 q - 4 potions of brilliance
 s - 3 potions of curing
 x - 3 potions of resistance
 E - 2 potions of cancellation
 P - a potion of berserk rage {unknown}
 Q - 5 potions of haste {unknown}
Miscellaneous
 M - a tin of tremorstones (2/2)


   Skills:
 * Level 10.2 Fighting
 + Level 7.4 Crossbows
 + Level 0.4 Throwing
 + Level 3.4 Armour
 + Level 7.6 Dodging
 + Level 2.3 Stealth
 + Level 8.7 Shields
 * Level 15.9 Unarmed Combat
 * Level 9.3 Invocations


You had 14 spell levels left.
You didn't know any spells.
Your spell library contained the following spells:

 Spells                   Type           Power      Damage    Failure   Level
 Magic Dart               Conj           0%         1d3       77%         1
 Pain                     Necr           0%         1d4       77%         1
 Summon Small Mammal      Summ           0%         N/A       77%         1
 Blink                    Tloc           N/A        N/A       88%         2
 Searing Ray              Conj           0%         3d3       88%         2
 Slow                     Hex            0%         N/A       88%         2
 Static Discharge         Conj/Air       0%         N/A       88%         2
 Call Canine Familiar     Summ           0%         N/A       98%         3
 Confusing Touch          Hex            0%         N/A       98%         3
 Dazzling Flash           Conj/Hex       0%         N/A       98%         3
 Gell's Gravitas          Tloc           0%         N/A       98%         3
 Lesser Beckoning         Tloc           0%         N/A       98%         3
 Portal Projectile        Hex/Tloc       0%         N/A       98%         3
 Stone Arrow              Conj/Erth      0%         3d7       98%         3
 Summon Guardian Golem    Hex/Summ       0%         N/A       98%         3
 Teleport Other           Tloc           0%         N/A       98%         3
 Vampiric Draining        Necr           0%         2d6       98%         3
 Fulminant Prism          Conj/Hex       0%         3d6       100%        4
 Iskenderun's Mystic Bla  Conj/Tloc      0%         2d3       100%        4
 Agony                    Necr           0%         N/A       100%        5
 Alistair's Intoxication  Tmut/Pois      0%         N/A       100%        5
 Blade Hands              Tmut           0%         N/A       100%        5
 Bolt of Magma            Conj/Fire/Erth 0%         4d4       100%        5
 Borgnjor's Vile Clutch   Necr/Erth      0%         N/A       100%        5
 Excruciating Wounds      Necr           0%         N/A       100%        5
 Freezing Cloud           Conj/Ice/Air   0%         6-21      100%        5
 Lightning Bolt           Conj/Air       0%         1d11      100%        5
 Manifold Assault         Tloc           0%         N/A       100%        5
 Summon Forest            Summ/Tloc      0%         N/A       100%        5
 Dispersal                Tloc           0%         N/A       100%        6
 Eringya's Noxious Bog    Tmut/Pois      0%         N/A       100%        6
 Simulacrum               Ice/Necr       0%         N/A       100%        6
 Starburst                Conj/Fire      0%         8x6d3     100%        6
 Summon Hydra             Summ           0%         N/A       100%        7
 Maxwell's Capacitive Co  Air            0%         ∞         100%        8
 Polar Vortex             Ice            0%         N/A       100%        9
 Shatter                  Erth           0%         3d5*      100%        9


Dungeon Overview and Level Annotations

Branches:
Dungeon (14/15)            Temple (1/1) D:6            Lair (6/6) D:9
 Shoals (0/4) Lair:3       Spider (0/4) Lair:3        Slime (0/5) Lair:5
    Orc (2/2) D:12            Elf (0/3) Orc:2       Volcano (visited)
 Vaults: D:13-14

Altars:
Ashenzari
Cheibriados
Dithmenos
Elyvilon
Fedhas
Gozag
Hepliaklqana
Kikubaaqudgha
Makhleb
Nemelex Xobeh
Okawaru
Qazlal
Ru
Sif Muna
Trog
Uskayaw
Vehumet
Wu Jian
Xom
Yredelemnul
Zin
The Shining One
Beogh
Lugonu

Shops:
D:7 [   D:11 *   Orc:2 [:=:

Portals:
Abyss: Lair:6

Annotations:
D:5 2 runed translucent doors
D:14 Frances
Lair:3 3 runed translucent doors, DocClef's ghost, journeyman GnDe


Innate Abilities, Weirdness & Mutations

You are too large for most types of armour.
You have claws for hands.
Your natural rate of healing is unusually fast.
You are covered in fur. (AC +1)
You have tough skin. (AC +1)


Message History

You throw a large rock.
The large rock closely misses the troll.
You block the troll's attack. The troll claws you but does no damage.
The troll claws you. The eidolon barely misses you.
The eidolon closely misses you. You block the troll's attack.
The troll claws you. The troll barely misses you. The eidolon hits you!
The eidolon drains your vigour!
You feel yourself slow down. You block the eidolon's attack.
Throw: 5 large rocks
Press: ? - help, Q - select action, (/) - cycle Shift-Dir - straight line, f/p - troll
Aim: a troll (severely wounded, umbra, 53% to hit)
You throw a large rock. The large rock hits the troll!
You kill the troll!
Fedhas appreciates your contribution to the ecosystem.
The troll leather armour is intact enough to wear.
The eidolon closely misses you. The eidolon hits you!
The eidolon hits you but does no damage.
You block the eidolon's attack. x2; The eidolon hits you.
You feel dopey.
Throw: 4 large rocks
Press: ? - help, Q - select action, (/) - cycle Shift-Dir - straight line, f - eidolon
Aim: an eidolon (umbra, 53% to hit)
You throw a large rock.
The large rock closely misses the eidolon.
You block the eidolon's attack. x2
The eidolon hits you but does no damage.
The eidolon hits you. The eidolon hits you!
* * * LOW HITPOINT WARNING * * *
The eidolon barely misses you.
Okay, then.
As you read the scroll of teleportation, it crumbles to dust.
You feel strangely unstable.
The eidolon gestures.
The eidolon radiates an aura of fear!
You are terrified of the eidolon!
You feel yourself speed up. The eidolon stares piercingly at you.
The bolt of negative energy hits you!!!
You feel drained.
You die...
Fedhas appreciates your contribution to the ecosystem.

..# #.... #. #.# #.#..
#.# #.# #.#.. #..
#.####.#.# #..
#.##...>.#
##(.#########.##.###.#
.(.......)......# #.#
#[########...#.###.# #
#.W@...# #...#.....# y#
##......###...###.#..
##Q#
...(...................
.C# #
..####.....###.#####.#.#
.# (#
#...............#.#
##?$#
#########(#######)# ()[#
#.# ##.# ####..
#.######.#. ^....#
#.......###


You could see an eidolon (scary).

Vanquished Creatures
  A quicksilver ooze (shapeshifter) (Lair:6)
  Nessos (Lair:4)
  Snorg (Lair:4)
  3 hydras
  2 boulder beetles
  An ice dragon (shapeshifter) (Lair:6)
  6 two-headed ogres
  6 centaur warriors
  A death knight (D:14)
  2 tengu warriors (D:14)
  A vampire mage (D:14)
  4 thrashing horrors (Lair:6)
  9 death yaks (Lair:6)
  3 orc high priests (Orc:2)
  Sonja (Lair:2)
  A skeletal warrior (D:14)
  4 orc knights (Orc:2)
  3 phantasmal warriors (D:14)
  Pikel (D:7)
  A lindwurm (Lair:5)
  3 deep elf pyromancers
  A deep elf zephyrmancer (D:14)
  6 cyclopes
  5 orc sorcerers
  4 ugly things
  12 elephants
  4 black mambas
  A molten gargoyle (Volcano)
  2 smoke demons (Lair:6)
  2 gargoyles
  14 cane toads
  A cane toad (shapeshifter) (D:14)
  3 rime drakes
  16 komodo dragons
  2 kobold demonologists (D:12)
  2 tengu conjurers (D:14)
  6 polar bears
  2 ancient zymes (Lair:6)
  5 trolls
  A queen bee (Lair:3)
  10 blink frogs (Lair:6)
  A blink frog (shapeshifter) (D:14)
  7 dream sheep (Lair:6)
  Sigmund (D:6)
  A snapping turtle (Lair:3)
  3 flying skulls (D:14)
  3 redbacks (Lair:3)
  A shadow (D:10)
  9 wyverns
  25 yaks
  3 wraiths
  3 fire elementals (Volcano)
  A hog (shapeshifter) (D:13)
  Eustachio (D:5)
  10 basilisks
  5 vampire mosquitoes
  4 chaos spawn (Lair:6)
  7 wargs
  3 steam dragons
  7 small abominations (Lair:6)
  15 water moccasins
  A large abomination (Lair:6)
  2 ice beasts
  39 orc warriors
  2 sky beasts
  5 black bears
  13 ogres
  A boggart (D:14)
  3 wolves (Lair:6)
  6 centaurs
  A phantom (D:7)
  A lemure (D:7)
  6 kobold brigands
  12 bullfrogs
  A gnoll sergeant (D:8)
  A scorpion (shapeshifter) (Lair:6)
  9 scorpions
  A wyvern skeleton (D:7)
  A water moccasin skeleton (D:6)
  30 killer bees
  3 howler monkeys (D:11)
  2 vampire bats (Lair:5)
  4 wights (D:6)
  26 orc priests
  2 bullfrog skeletons (D:6)
  4 centaur skeletons
  11 centaur zombies
  3 jellies
  A gnoll shaman (D:6)
  9 hounds
  5 iguanas
  26 orc wizards
  5 hell rats (Lair:3)
  A scorpion zombie (D:5)
  2 killer bee zombies
  A mummy (D:8)
  A hound skeleton (D:5)
  A howler monkey zombie (D:8)
  10 gnolls
  15 adders
  A shadow imp (D:7)
  3 white imps
  An adder zombie (D:5)
  A worm (D:2)
  A dart slug (D:1)
  100 orcs
  12 endoplasms
  2 giant cockroaches (D:4)
  A goblin (D:1)
  7 hobgoblins
  4 jackals (D:1)
  28 kobolds
  3 quokkas
  6 ball pythons
  17 bats
  A frilled lizard (D:1)
  2 kobold zombies (D:8)
  2 orc zombies (D:8)
  20 rats
743 creatures vanquished.

Vanquished Creatures (collateral kills)
  An orc warlord (Orc:2)
  A death yak (Lair:6)
  A tengu warrior (D:14)
  An orc high priest (Orc:2)
  A meliai zombie (D:14)
  2 yaks (Lair:5)
  2 orc warriors (Orc:2)
  A killer bee (Lair:3)
  2 orc priests (Orc:2)
  An orc (Orc:2)
  12 ballistomycete spores (Lair:6)
25 creatures vanquished.

Vanquished Creatures (others)
  An oklob plant (Lair:2)
  A rime drake (Lair:5)
  An unseen horror (D:13)
  A tengu conjurer (D:14)
  A kobold (D:11)
  2 ballistomycete spores
  55 fungi
  60 plants
122 creatures vanquished.

Grand Total: 890 creatures vanquished

Notes
Turn   | Place    | Note
-------+----------+-------------------------------------------
     0 | D:1      | robertstho the Troll Fighter began the quest for the Orb.
     0 | D:1      | Reached XP level 1. HP: 22/22 MP: 0/0
   150 | D:1      | Reached XP level 2. HP: 29/29 MP: 1/1
   655 | D:1      | Reached XP level 3. HP: 36/36 MP: 2/2
  1902 | D:3      | Reached XP level 4. HP: 43/44 MP: 3/3
  2028 | D:3      | Reached skill level 3 in Unarmed Combat
  2180 | D:3      | Found a faded altar of an unknown god.
  2525 | D:4      | Reached XP level 5. HP: 53/53 MP: 4/4
  2572 | D:5      | Entered Level 5 of the Dungeon
  2572 | D:5      | Noticed a black bear
  2585 | D:5      | Noticed a sky beast
  2586 | D:5      | Noticed Eustachio
  2601 | D:5      | Killed Eustachio
  2602 | D:5      | Reached skill level 4 in Unarmed Combat
  2602 | D:5      | Reached XP level 6. HP: 37/61 MP: 5/5
  2610 | D:5      | Killed a sky beast
  2616 | D:5      | Noticed an ice beast
  2633 | D:5      | Killed an ice beast
  2634 | D:5      | Reached skill level 5 in Unarmed Combat
  2634 | D:5      | Reached XP level 7. HP: 29/67 MP: 6/6
  3023 | D:4      | Reached skill level 6 in Unarmed Combat
  3321 | D:5      | Reached XP level 8. HP: 57/78 MP: 7/7
  3454 | D:5      | Found a large runed translucent door.
  3454 | D:5      | Found a large runed translucent door.
  3525 | D:5      | Found a large runed translucent door.
  3525 | D:5      | Found a large runed translucent door.
  3634 | D:5      | Reached skill level 7 in Unarmed Combat
  4079 | D:5      | Reached skill level 8 in Unarmed Combat
  4092 | D:5      | Noticed a two-headed ogre
  4097 | D:5      | Killed a two-headed ogre
  4098 | D:5      | Reached XP level 9. HP: 80/87 MP: 8/8
  4257 | D:5      | Reached skill level 5 in Fighting
  4257 | D:5      | Reached skill level 5 in Shields
  4257 | D:5      | Reached skill level 9 in Unarmed Combat
  4552 | D:6      | Reached skill level 10 in Unarmed Combat
  4748 | D:6      | Found a staircase to the Ecumenical Temple.
  4760 | Temple   | Entered the Ecumenical Temple
  4960 | Temple   | Became a worshipper of Fedhas Madash
  5036 | D:6      | Reached XP level 10. HP: 98/98 MP: 9/9
  5108 | D:6      | Reached skill level 1 in Stealth
  5143 | D:6      | Noticed Sigmund
  5149 | D:6      | Killed Sigmund
  5150 | D:6      | Reached skill level 5 in Dodging
  5581 | D:7      | Noticed Pikel
  5608 | D:7      | Killed Pikel
  5609 | D:7      | Reached skill level 11 in Unarmed Combat
  5710 | D:7      | Found Unuraima's Antique Armour Shoppe.
  5779 | D:7      | Reached skill level 1 in Invocations
  5781 | D:7      | Reached * piety under Fedhas
  6853 | D:9      | Reached ** piety under Fedhas
  6970 | D:9      | Found a hazy altar of Hepliaklqana.
  6971 | D:9      | Found a shimmering altar of Xom.
  6971 | D:9      | Noticed a manticore
  7009 | D:9      | Found a radiant altar of Vehumet.
  7055 | D:9      | Found a glowing silver altar of Zin.
  7284 | D:9      | Reached skill level 12 in Unarmed Combat
  7301 | D:9      | Found a staircase to the Lair.
  7495 | D:10     | Entered Level 10 of the Dungeon
  7652 | D:10     | Reached XP level 11. HP: 81/105 MP: 11/11
  7886 | D:10     | Reached *** piety under Fedhas
  7919 | D:10     | Found a shadowy altar of Dithmenos.
  7927 | D:10     | Found an opulent altar of Gozag.
  8259 | D:11     | You fall into a shaft and drop 3 floors!
  8352 | D:13     | Noticed a deep elf pyromancer
  8454 | D:11     | Found Meloan's Overcharged Wands.
  8730 | D:11     | Reached skill level 13 in Unarmed Combat
  8893 | D:11     | Noticed an eight-headed hydra
  9031 | Lair:1   | Entered Level 1 of the Lair of Beasts
  9031 | Lair:1   | Noticed an oklob plant
  9098 | Lair:1   | Found the ring of Shadows {Umbra +Inv Stlth+}
  9270 | Lair:1   | Reached **** piety under Fedhas
  9791 | Lair:1   | Identified the +11 hand crossbow of a bailey {flame, MP+9
                  | Str+3 Int+4 Stlth-}
  9882 | Lair:2   | Killed an oklob plant
 10790 | Lair:2   | Noticed Sonja
 10791 | Lair:2   | Killed Sonja
 10848 | Lair:2   | Found an opulent altar of Gozag.
 10933 | Lair:2   | Reached skill level 1 in Crossbows
 11074 | Lair:2   | Reached XP level 12. HP: 93/118 MP: 13/13
 11229 | Lair:3   | Noticed a five-headed hydra
 11239 | Lair:3   | Killed a five-headed hydra
 11549 | Lair:3   | Found a sparkling altar of Nemelex Xobeh.
 11604 | Lair:3   | Found a hole to the Spider Nest.
 11785 | Lair:3   | Found a runed translucent gate.
 11785 | Lair:3   | Found a runed translucent gate.
 11785 | Lair:3   | Found a runed translucent gate.
 11786 | Lair:3   | Noticed DocClef's ghost (journeyman GnDe)
 11970 | Lair:3   | Found a staircase to the Shoals.
 12716 | Lair:3   | Reached skill level 14 in Unarmed Combat
 12937 | Lair:4   | Noticed Nessos
 12940 | Lair:4   | Killed Nessos
 13082 | Lair:4   | Noticed Snorg
 13090 | Lair:4   | Killed Snorg
 13167 | Lair:4   | Reached skill level 5 in Invocations
 13282 | Lair:4   | Reached ***** piety under Fedhas
 13477 | Lair:4   | Reached XP level 13. HP: 92/127 MP: 16/16
 14214 | Lair:5   | Found a staircase to the Slime Pits.
 14519 | Lair:5   | Reached skill level 5 in Crossbows
 14986 | Lair:6   | Entered Level 6 of the Lair of Beasts
 15013 | Lair:6   | Reached skill level 1 in Armour
 15225 | Lair:6   | Upgraded the game from 0.27-a0-1595-g0b823d0a13 to
                  | 0.27-a0-1612-gde56a17b89
 15544 | Lair:6   | Reached XP level 14. HP: 137/137 MP: 18/18
 16351 | Lair:6   | Found a corrupted altar of Lugonu.
 16351 | Lair:6   | Found a one-way gate to the infinite horrors of the Abyss.
 16429 | Lair:6   | Noticed an emperor scorpion
 16530 | Lair:6   | Noticed a quicksilver ooze
 16536 | Lair:6   | Killed a quicksilver ooze
 17165 | D:12     | Reached skill level 15 in Unarmed Combat
 17433 | D:12     | Found a staircase to the Orcish Mines.
 18240 | Orc:1    | Entered Level 1 of the Orcish Mines
 18389 | Orc:2    | Entered Level 2 of the Orcish Mines
 18538 | Orc:1    | Found a dark tunnel.
 18552 | Volcano  | Entered a volcano
 19618 | Orc:2    | Reached ****** piety under Fedhas
 19977 | Orc:2    | Found a staircase to the Elven Halls.
 20173 | Orc:2    | Noticed an orc warlord
 20227 | Orc:2    | Killed an orc warlord
 20435 | Orc:2    | Found Ateesia's Book Boutique.
 20540 | Orc:2    | Found Umpuh's Jewellery Shoppe.
 20812 | Orc:2    | Reached XP level 15. HP: 138/148 MP: 20/20
 20881 | Orc:2    | Found Sisatept's Antique Armour Emporium.
 20937 | Orc:2    | Found Ocahedoq's Book Shoppe.
 21502 | D:7      | Bought steaming ice dragon scales for 1170 gold pieces
 21502 | D:7      | Identified the +2 ice dragon scales "Ofezis" {rF- rC++
                  | Str+7 Dex+3} (You bought it in a shop on level 7 of the
                  | Dungeon)
 22901 | D:14     | Reached skill level 10 in Fighting
 22926 | D:14     | Identified the ring "Qaahovydd" {Will- rCorr Int+9 Dex+4}
 23105 | D:14     | Noticed Frances
 23822 | D:14     | Killed from afar by an eidolon

Illustrated notes

Levels and vault maps discovered:
D:1:      psy_arrival_basics, layout_basic
D:2:      layout_loops_ring
D:3:      layout_basic, hellmonk_ecumenical_altar_defaced_shrine,
          minmay_rat_hole
D:4:      layout_cave_pods
D:5:      old_forge, layout_layer_cave, minmay_hollow_rounded_squares,
          uniq_eustachio
D:6:      layout_gridville, minmay_temple_entry_proselytizer,
          minmay_starry_boxes, uniq_sigmund
D:7:      layout_loops_ring, serial_shops, nicolae_shop_stone, uniq_pikel
D:8:      layout_cave_pools, minmay_mini_ossuary
D:9:      layout_rooms, regret_index_temple_of_mockery,
          mainiacjoe_overflow_large_starburst, erik_lair_dragon
D:10:     layout_gridville, mainiacjoe_overflow_big_doors
D:11:     layout_basic, nicolae_shop_overcharged_wands
D:12:     layout_loops_corners, david_orc_1_choice
D:13:     layout_cave_pods, grunt_decor_arrowhead
D:14:     hangedman_screamer, layout_loops_ring,
          skrybe_vaults_entry_preservation, minivault_19, minmay_alternating_orb
Temple:   eino_temple_scatter_basement
Lair:1:   layout_regular_city, dpeg_stationary_puzzle
Lair:2:   layout_chaotic_city, lemuel_oklob_altar, infiniplex_staircase_pool_2,
          uniq_sonja
Lair:3:   layout_cellular_growth, minmay_shoals_entry_hut,
          spider_nest_entry_funnel_web, special_room [special_room_bee],
          ebering_ghost_rock_garden, basic_altar, beast_lair_carwin_8
Lair:4:   layout_loops_ring, beast_lair_carwin_1, grunt_megastairs_5,
          uniq_nessos, uniq_snorg
Lair:5:   layout_regular_city, nicolae_slime_entry_slimehenge, roderic_batcave
Lair:6:   hellmonk_lair_end_abyssal_woods, layout_regular_city
Orc:1:    layout_diamond_mine, basic_altar, nicolae_volcano_entry_two_sided
Orc:2:    pubby_orc_utopia

Skill      XL: |  1  2  3  4  5  6  7  8  9 10 11 12 13 14 15 |
---------------+----------------------------------------------+-----
Fighting       | 3 4 5 6 7 8 9 10 | 10.2
Unarmed Combat | 3 4 5 6 8 10 12 13 14 15 | 15.9
Dodging        | 3 4 5 6 7 |  7.6
Shields        | 3 4 5 6 7 8 |  8.7
Stealth        | 1 2 |  2.3
Invocations    | 1 3 5 7 8 9 |  9.3
Crossbows      | 1 4 5 7 |  7.4
Armour         | 1 2 3 |  3.4
Throwing       | |  0.4

Action                   |  1- 3 |  4- 6 |  7- 9 | 10-12 | 13-15 || total
-------------------------+-------+-------+-------+-------+-------++-------
Melee: Unarmed           |   133 |   121 |   261 |   469 |   279 ||  1263
 Fire: Hand crossbow     |       |       |       |   312 |   889 ||  1201
Throw: Large rock        |       |       |       |       |    22 ||    22
       Dart              |       |       |       |       |     5 ||     5
Invok: Wall of Briars    |       |       |       |     2 |     2 ||     4
       Overgrow          |       |       |       |     1 |     1 ||     2
       Grow Ballistomyce |       |       |       |       |     6 ||     6
       Grow Oklob        |       |       |       |       |     7 ||     7
Evoke: Wand              |       |       |     3 |       |     2 ||     5
       Tin of tremorston |       |       |       |       |     1 ||     1
  Use: Potion            |       |     5 |     3 |     3 |     5 ||    16
       Scroll            |       |     1 |     3 |    16 |    13 ||    33
 Stab: Sleeping          |     3 |     1 |       |     2 |     4 ||    10
       Distracted        |       |       |       |       |     1 ||     1
Armor: Robe              |    27 |    28 |    46 |     8 |       ||   109
       Skin              |       |     7 |     4 |       |       ||    11
       Steam dragon scal |       |       |       |   145 |       ||   145
       Troll leather arm |       |       |       |    13 |   140 ||   153
       Ice dragon scales |       |       |       |       |   123 ||   123
Dodge: Dodged            |    28 |    22 |    69 |   296 |   343 ||   758
Block: Kite shield       |   108 |    89 |   195 |   638 |   757 ||  1787
       Reflection        |     1 |     3 |     2 |    11 |    30 ||    47

Table legend: (Time is in decaauts)
 A = Elapsed time spent in this place.
 B = Non-inter-level travel time spent in this place.
 C = Inter-level travel time spent in this place.
 D = Time resting spent in this place.
 E = Time spent auto-exploring this place.
 F = Levels seen in this place.
 G = Mean time per level.
                   A        B        C        D        E       F      G
               +--------+--------+--------+--------+--------+-----+--------+
         Total |  24254 |  21911 |   2343 |    582 |  16219 |  24 | 1010.6 |
       Dungeon |  12811 |  11146 |   1665 |    359 |   8381 |  14 |  915.1 |
        Temple |    211 |    183 |     28 |      0 |    182 |   1 |  211.0 |
          Lair |   8043 |   7532 |    511 |    223 |   5663 |   6 | 1340.5 |
  Orcish Mines |   2871 |   2733 |    138 |      0 |   1827 |   2 | 1435.5 |
       Volcano |    315 |    315 |      0 |      0 |    165 |   1 |  315.0 |
               +--------+--------+--------+--------+--------+-----+--------+

Top non-repeatable levels by time:
   Orc:2: 2074 daAuts
  Lair:6: 1909 daAuts
  Lair:3: 1834 daAuts
     D:5: 1333 daAuts
  Lair:5: 1308 daAuts
     D:9: 1152 daAuts
  Lair:4: 1147 daAuts
    D:12: 1137 daAuts
     D:7: 1059 daAuts
    D:14: 1045 daAuts
  Lair:1: 972 daAuts
    D:10: 909 daAuts
    D:13: 894 daAuts
     D:4: 893 daAuts
     D:3: 890 daAuts
